 Dungeon Crawl Stone Soup version 0.32-a0-981-g384da2ce10 (webtiles) character file.

Game seed: 5074353089964223704

636201 shadizar the Meteorologist (level 27, 0/187 HPs)
             Began as a Djinni Air Elementalist on Apr 11, 2024.
             Was the Champion of Makhleb.
             Slain by Tubrasm the pandemonium lord (29 damage)
             ... on level 14 of a ziggurat on Apr 20, 2024.
             The game lasted 02:33:06 (69370 turns).

shadizar the Meteorologist (DjAE)                  Turns: 69370, Time: 02:33:06

Health: 0/187      AC: 21    Str: 11    XL:     27
Gold:   7007       EV: 16    Int: 38    God:    Makhleb [******] SH: 28 Dex: 20

rFire   + + .        R - staff of Gesionev {rPois rN++ Will- rCorr Earth}
rCold   + . .        G - +6 tower shield
rNeg    + + +        v - +4 ring mail "Xeit" {Will+ Dex+3 Slay+2}
rPois   ∞            a - +2 helmet of Yredelemnul, Charming {Rampage rN++ rCorr}
rElec   +            c - scarf "Zeiw" {rC+ rF+, Will++}
rCorr   +            Y - +1 pair of gloves of Action {Int+4}
SInv    .            (boots unavailable)
Will    ++++.        k - amulet of the Air {Inacc Air Fly rElec RMsl}
Stlth   +++          Z - ring "Xamit" {rN+ rCorr Int+6 Dex+2 Stlth-}
HPRegen 0.51/turn    u - ring of Xuoma {Ice rCorr}

%: inaccuracy (-5), repel missiles, rampage, infuse magic (-1 HP)
@: weakened, vertiginous, flying, studying 4 skills
A: sickness immunity, fire resistance 2, cold vulnerability 1, float, innate
caster, HP casting, extra vitality 1, iridescent scales 1, frail 1, screaming 1,
strong 1, subdued magic 1
}: 5/15 runes: serpentine, barnacled, slimy, silver, abyssal
a: Renounce Religion, Minor Destruction, Lesser Servant of Makhleb, Major
Destruction, Greater Servant of Makhleb


You were on level 14 of a ziggurat.
You worshipped Makhleb.
Makhleb was exalted by your worship.
You visited 12 branches of the dungeon, and saw 50 of its levels.
You visited the Abyss 1 time.
You visited 1 bazaar.
You visited 1 ziggurat, and saw 14 of its levels.
You also visited: Trove and Desolation.

You collected 7758 gold pieces.
You spent 751 gold pieces at shops.

Inventory:

Armour
 a - the +2 helmet of Yredelemnul, Charming (worn) {Rampage rN++ rCorr}
   (You acquired it on level 8 of the Dungeon)

   rN++:      It greatly protects you from negative energy.
   rCorr:     It protects you from acid and corrosion.
   Rampage:   It bestows one free step when moving towards enemies.
 c - the scarf "Zeiw" (worn) {rC+ rF+, Will++}
   (You acquired it on level 2 of the Shoals)

   Will++:    It greatly increases your willpower.
 v - the +4 ring mail "Xeit" (worn) {Will+ Dex+3 Slay+2}
   (You found it on level 2 of the Lair of Beasts)

   Dex+3:     It affects your dexterity (+3).
   Slay+2:    It affects your accuracy & damage with ranged weapons and melee
   (+2).
   Will+:     It increases your willpower.
 D - the +0 robe of the Hot Ocelot {Archmagi}
   (You found it on level 6 of a ziggurat)

   Archmagi:  It increases the power of your magical spells.
 G - a +6 tower shield (worn)
 J - a +2 pair of gloves of dexterity
 T - the +1 ring mail "Ygabyna" {Harm rF+ rC+++ Will-}
   (You found it in the Desolation of Salt)

   rF+:       It protects you from fire.
   rC+++:     It renders you almost immune to cold.
   Will-:     It decreases your willpower.
   Harm:      It increases damage dealt and taken.
 U - the +0 mask of the Dragon {Will+ Slay+3 SInv}
   (You found it in the Desolation of Salt)

   Slay+3:    It affects your accuracy & damage with ranged weapons and melee
   (+3).
   Will+:     It increases your willpower.
   SInv:      It lets you see invisible.
 Y - the +1 pair of gloves of Action (worn) {Int+4}
   (You acquired it on level 7 of a ziggurat)

   Int+4:     It affects your intelligence (+4).
Magical Staves
 g - the staff of Invincibility {rElec rCorr MP+9 Str+3 Air Earth}
   (You found it on level 5 of the Pits of Slime)

   [staff of air]

   Base accuracy: +5 Base damage: 5 Base attack delay: 1.2 This weapon's minimum
   attack delay (0.6) is reached at skill level 12.
   Str+3:     It affects your strength (+3).
   rElec:     It insulates you from electricity.
   MP+9:      It affects your magic capacity (+9).
   rCorr:     It protects you from acid and corrosion.
   Air:       It increases the power of your Air spells.
   Earth:     It increases the power of your Earth spells.
   It falls into the 'Staves' category.
   It is a one-handed weapon.
 o - the staff "Liedgh" {rElec Int+4 Fire Air Alchemy}
   (You found it on level 3 of the Vaults)

   [staff of air]

   Base accuracy: +5 Base damage: 5 Base attack delay: 1.2 This weapon's minimum
   attack delay (0.6) is reached at skill level 12.
   Int+4:     It affects your intelligence (+4).
   rElec:     It insulates you from electricity.
   Fire:      It increases the power of your Fire spells.
   Air:       It increases the power of your Air spells.
   Alchemy:   It increases the power of your Alchemy spells.
   It falls into the 'Staves' category.
   It is a one-handed weapon.
 B - the staff of Plog {Conj Summ Ice Earth}
   (You found it on level 1 of the Vaults)

   [staff of earth]

   Base accuracy: +5 Base damage: 5 Base attack delay: 1.2 This weapon's minimum
   attack delay (0.6) is reached at skill level 12.
   Conj:      It increases the power of your Conjurations spells.
   Summ:      It increases the power of your Summonings spells.
   Ice:       It increases the power of your Ice spells.
   Earth:     It increases the power of your Earth spells.
   It falls into the 'Staves' category.
   It is a one-handed weapon.
 R - the staff of Gesionev (weapon) {rPois rN++ Will- rCorr Earth}
   (You took it off a minotaur on level 4 of the Shoals)

   [staff of earth]

   Base accuracy: +5 Base damage: 5 Base attack delay: 1.2 This weapon's minimum
   attack delay (0.6) is reached at skill level 12.
   rPois:     It protects you from poison.
   rN++:      It greatly protects you from negative energy.
   Will-:     It decreases your willpower.
   rCorr:     It protects you from acid and corrosion.
   Earth:     It increases the power of your Earth spells.
   It falls into the 'Staves' category.
   It is a one-handed weapon.
Jewellery
 d - the ring of the Messenger {rElec rC- Int+6 SInv Stlth+}
   (You found it in a treasure trove)

   [ring of intelligence]

   Int+6:     It affects your intelligence (+6).
   rC-:       It makes you vulnerable to cold.
   rElec:     It insulates you from electricity.
   SInv:      It lets you see invisible.
   Stlth+:    It makes you more stealthy.
 e - a +6 ring of dexterity
 f - the ring of Aschohac {rElec rC- rN+ Will- MP+9}
   (You found it in a treasure trove)

   [ring of positive energy]

   rC-:       It makes you vulnerable to cold.
   rElec:     It insulates you from electricity.
   rN+:       It protects you from negative energy.
   Will-:     It decreases your willpower.
   MP+9:      It affects your magic capacity (+9).
 h - the ring of Ru's Pride {Wiz rElec rN+ Stlth+}
   (You found it on level 3 of the Elven Halls)

   [ring of wizardry]

   Wiz:       It improves your spell success rate.
   rElec:     It insulates you from electricity.
   rN+:       It protects you from negative energy.
   Stlth+:    It makes you more stealthy.
 k - the amulet of the Air (around neck) {Inacc Air Fly rElec RMsl}
   (You bought it in a shop on level 2 of the Orcish Mines)

   [amulet of nothing]

   Inacc:     It reduces the accuracy of your attacks and spells.
   Air:       It enhances your air magic.
   rElec:     It insulates you from electricity.
   Fly:       It grants you flight.
   RMsl:      It protects you from missiles.
 l - the ring of the Demon Prince {rElec EV+5 Int+2 Dex+3 SInv}
   (You found it on level 5 of the Vaults)

   [ring of evasion]

   EV+5:      It affects your evasion (+5).
   Int+2:     It affects your intelligence (+2).
   Dex+3:     It affects your dexterity (+3).
   rElec:     It insulates you from electricity.
   SInv:      It lets you see invisible.
 r - a ring of positive energy
 t - the ring of Incredulity {rF+ rC+ Will+++ Str-4 Int-5}
   (You found it on level 2 of the Lair of Beasts)

   [ring of protection from cold]

   Str-4:     It affects your strength (-4).
   Int-5:     It affects your intelligence (-5).
   rF+:       It protects you from fire.
   rC+:       It protects you from cold.
   Will+++:   It greatly increases your willpower.
 u - the ring of Xuoma (right hand) {Ice rCorr}
   (You took it off a deep elf archer on level 3 of the Elven Halls)

   [ring of ice]

   Ice:       It enhances your ice magic.
   rF-:       It makes you vulnerable to fire.
   rC+:       It protects you from cold.
   rCorr:     It protects you from acid and corrosion.
 w - the ring of Farhuz {+Blink MP-9 Str-4 Int+6 Dex+8}
   (You found it in a treasure trove)

   [ring of intelligence]

   Str-4:     It affects your strength (-4).
   Int+6:     It affects your intelligence (+6).
   Dex+8:     It affects your dexterity (+8).
   MP-9:      It affects your magic capacity (-9).
   +Blink:    It lets you blink.
 C - the brooch of Shielding {Spirit SH+8}
   (You took it off a vault guard on level 5 of the Vaults)

   [amulet of guardian spirit]

   Spirit:    It causes incoming damage to be divided between your reserves of
   health and magic.
   SH+8:      It affects your SH (+8).
 I - a +6 ring of intelligence
 N - the ring of Velann {rElec rPois MP-9 Int+5 Slay+4}
   (You found it on level 5 of the Pits of Slime)

   [ring of slaying]

   Int+5:     It affects your intelligence (+5).
   Slay+4:    It affects your accuracy & damage with ranged weapons and melee
   (+4).
   rElec:     It insulates you from electricity.
   rPois:     It protects you from poison.
   MP-9:      It affects your magic capacity (-9).
 S - the amulet of the Past {Reflect -Tele Str+5 SH+5}
   (You took it off an ironbound convoker in the Desolation of Salt)

   [amulet of reflection]

   Reflect:   It reflects blocked missile attacks.
   Str+5:     It affects your strength (+5).
   -Tele:     It prevents most forms of teleportation.
   SH+5:      It affects your SH (+5).
 V - the ring of Discretion {rF+++ rCorr Str+6 Dex-4}
   (You took it off an imperial myrmidon in the Desolation of Salt)

   [ring of strength]

   Str+6:     It affects your strength (+6).
   Dex-4:     It affects your dexterity (-4).
   rF+++:     It renders you almost immune to fire.
   rCorr:     It protects you from acid and corrosion.
 X - the ring "Boonkur" {rF+ Will- rCorr MP+9 Dex+3}
   (You found it in the Desolation of Salt)

   [ring of magical power]

   Dex+3:     It affects your dexterity (+3).
   rF+:       It protects you from fire.
   Will-:     It decreases your willpower.
   MP+9:      It affects your magic capacity (+9).
   rCorr:     It protects you from acid and corrosion.
 Z - the ring "Xamit" (left hand) {rN+ rCorr Int+6 Dex+2 Stlth-}
   (You found it on level 7 of a ziggurat)

   [ring of intelligence]

   Int+6:     It affects your intelligence (+6).
   Dex+2:     It affects your dexterity (+2).
   rN+:       It protects you from negative energy.
   rCorr:     It protects you from acid and corrosion.
   Stlth-:    It makes you less stealthy.
Wands
 x - a wand of warping (65)
 y - a wand of polymorph (49)
 F - a wand of charming (70)
 H - a wand of quicksilver (50)
 K - a wand of flame (114)
 P - a wand of digging (38)
 Q - a wand of mindburst (42)
Scrolls
 b - 2 scrolls of fog
 m - 37 scrolls of teleportation
 p - 5 scrolls of silence
 q - 7 scrolls of enchant weapon
 z - 2 scrolls of blinking
 M - 5 scrolls of revelation
Potions
 i - 7 potions of curing
 j - a potion of berserk rage
 n - 9 potions of enlightenment
 s - 10 potions of invisibility
 A - a potion of experience
 E - 3 potions of brilliance
 L - 2 potions of cancellation
 O - 5 potions of haste
 W - 6 potions of resistance


   Skills:
 + Level 20.8 Fighting
 + Level 18.6 Armour
 + Level 20.5 Dodging
 - Level 10.3 Stealth
 + Level 18.4 Shields
 O Level 27 Spellcasting
 * Level 24.4 Conjurations
 * Level 24.4 Hexes
   Level 0.0 Charms
 * Level 24.4 Summonings
 * Level 24.4 Necromancy
 * Level 24.4 Translocations
   Level 0.0 Transmutations
 * Level 24.4 Fire Magic
 * Level 24.4 Ice Magic
 O Level 27 Air Magic
 * Level 24.4 Earth Magic
 * Level 24.4 Alchemy


You knew the following spells:

 Your Spells              Type           Power      Damage    Failure   Level
a - Shock                 Conj/Air       100%       1d9       1%          1
b - Static Discharge      Conj/Air       100%       3-8/arc   1%          2
c - Swiftness             Air            100%       N/A       1%          3
d - Airstrike             Air            69%        2d(10-26) 1%          4
e - Necrotise             Necr           100%       1d9       1%          1
f - Lesser Beckoning      Tloc           100%       N/A       1%          2
g - Maxwell's Portable P  Tloc           100%       2d(15-43) 1%          3
h - Anguish               Hex/Necr       55%        N/A       1%          4
i - Petrify               Alch/Erth      100%       N/A       1%          4
j - Lee's Rapid Deconstr  Erth           67%        3d30*     1%          5
k - Permafrost Eruption   Ice/Erth       80%        2x4d17    1%          6
l - Monstrous Menagerie   Summ           55%        N/A       1%          7
m - Spellforged Servitor  Conj/Summ      55%        N/A       1%          7
n - Orb of Destruction    Conj           55%        9d14      1%          7
o - Summon Hydra          Summ           55%        N/A       1%          7
p - Discord               Hex            55%        N/A       1%          8
q - Death's Door          Necr           55%        N/A       14%         9
Your spell library was empty.

Dungeon Overview and Level Annotations

Branches:
Dungeon (15/15)            Temple (1/1) D:7            Lair (5/5) D:10
 Shoals (4/4) Lair:3        Snake (4/4) Lair:3        Slime (5/5) Lair:4
    Orc (2/2) D:9             Elf (3/3) Orc:2        Vaults (5/5) D:14
  Crypt (1/3) Vaults:3     Depths (4/4) D:15           Hell (visited)
    Dis (0/7) Hell            Geh (0/7) Hell            Coc (0/7) Hell
    Tar (0/7) Hell            Zot (0/5) Depths:4    Desolation (visited)

Altars:
Ashenzari
Cheibriados
Dithmenos
Elyvilon
Fedhas
Gozag
Hepliaklqana
Makhleb
Nemelex Xobeh
Okawaru
Qazlal
Ru
Trog
Uskayaw
Wu Jian
Xom
Yredelemnul
Zin
The Shining One
Beogh
Jiyva
Lugonu

Shops:
Orc:2 [*!=   Shoals:1 **   Snake:2 !   Snake:3 **   Vaults:1 :   Vaults:2 [

Portals:
Hell: Depths:1 Depths:2 Depths:3 Depths:4
Abyss: Depths:1 Depths:3
Pandemonium: Depths:1 Depths:2

Annotations:
Vaults:1 2 runed translucent doors, Armakuni's ghost, adept HuAr; Konar's ghost, adept CoHu
Depths:1 1 runed translucent door, Atuad's ghost, adept FoHu


Innate Abilities, Weirdness & Mutations

You are immune to sickness and miasma.
You are immune to poison.
Your flesh is very heat resistant. (rF++)
You are vulnerable to cold. (rC-)
You float through the air rather than walking.
You learn spells naturally, not from books.
Your magical power is your life essence.
You have superior vitality. (+4 MHP)
You are partially covered in iridescent scales. (AC +2)
You are frail. (-10% HP)
You occasionally shout uncontrollably at your foes.
Your muscles are strong. (Str +4, Int/Dex -1)
Your spells are a little easier to cast, but a little less powerful.


Message History

Tubrasm is moderately wounded.
Tubrasm hits you!
Casting: Airstrike (safe; 1% risk of failure)
Confirm with . or Enter, or press ? or * to list all spells.
Aiming: Airstrike (safe; 1% risk of failure)
Press: ? - help, Dir - move target, f/p - Tubrasm
Aim: Tubrasm (moderately wounded, empty space bonus: 7/8)
You feel a surge of power!
The air twists around and strikes Tubrasm!
Tubrasm is moderately wounded.
* * * LOW HITPOINT WARNING * * *
You block Tubrasm's attack.
Unknown command.
Casting: Airstrike (safe; 1% risk of failure)
Confirm with . or Enter, or press ? or * to list all spells.
Aiming: Airstrike (safe; 1% risk of failure)
Press: ? - help, Dir - move target, f/p - Tubrasm
Aim: Tubrasm (moderately wounded, empty space bonus: 7/8)
You feel a surge of power!
The air twists around and strikes Tubrasm!!
Tubrasm is heavily wounded.
* * * LOW HITPOINT WARNING * * *
Tubrasm hits you!!
* * * LOW HITPOINT WARNING * * *
You block Tubrasm's attack.
Casting: Airstrike (safe; 1% risk of failure)
Confirm with . or Enter, or press ? or * to list all spells.
Aiming: Airstrike (safe; 1% risk of failure)
Press: ? - help, Dir - move target, f/p - Tubrasm
Aim: Tubrasm (heavily wounded, empty space bonus: 7/8)
You feel a surge of power!
The air twists around and strikes Tubrasm!!
Tubrasm is heavily wounded.
* * * LOW HITPOINT WARNING * * *
You block Tubrasm's attack.
Unknown command.
Unknown command.
Okay, then.
You feel better. Tubrasm hits you!!
You die...

▓▓▓ ▓▓▓▓▓▓.▓▓▓▓▓▓
▓▓▓.......@...▓▓▓
▓▓.........&.....▓▓
▓..........)......▓▓▓
..........).........▓
........)...........▓▓
.....................▓▓
..*.†.................▓
p†....................▓
†.D...................▓


You could see Tubrasm.

Vanquished Creatures
  the Royal Jelly (Slime:5)
  2 dread liches (Vaults:5)
  2 ancient liches
  A juggernaut (Depths:4)
  Sojobo (Vaults:3)
  A pandemonium lord (Zig:14)
  Vashnia (Snake:4)
  3 Killer Klowns (Zig:14)
  Geryon (Hell)
  2 golden dragons
  A doom hound (Depths:3)
  2 bone dragons
  A walking crystal tome (Depths:3)
  6 tentacled monstrosities
  2 liches (Depths:3)
  2 deep elf master archers (Elf:3)
  2 deep elf blademasters (Elf:3)
  12 sphinxes
  A quicksilver dragon (Vaults:5)
  Polyphemus (Shoals:4)
  31 acid blobs
  7 tentacled starspawn
  5 krakens
  4 ancient champions
  4 storm dragons
  13 tengu reavers
  Aizul (Shoals:3)
  23 rockslimes
  25 azure jellies
  8 fire giants
  7 shadow dragons
  Donald (Shoals:1)
  4 protean progenitors
  4 frost giants
  Ilsuiw (Shoals:3)
  5 nagarajas
  A draconian monk (Depths:4)
  4 fenstrider witches
  A fire giant (shapeshifter) (Zig:14)
  An emperor scorpion (Zig:7)
  3 iron dragons
  9 deep elf sorcerers
  2 imperial myrmidons (Desolation)
  A balrug (Hell)
  A draconian shifter (Abyss:3)
  3 ghost moths
  Louise (Elf:3)
  3 draconian scorchers
  21 vault wardens
  2 curse skulls
  5 deep elf elementalists
  13 ironbound preservers
  14 stone giants
  3 reapers
  An orc warlord (Vaults:3)
  21 quicksilver oozes
  A cacodemon (Hell)
  22 very ugly things
  The ghost of dunno567 the Severer, a journeyman MDBe of Trog (D:13)
  A very ugly thing (shapeshifter) (Zig:14)
  2 deep elf death magi (Elf:3)
  2 spriggan defenders (Depths:3)
  5 formless jellyfish
  6 ironbound thunderhulks
  5 vampire knights
  3 black draconians
  A green draconian (Depths:4)
  12 deep elf demonologists
  3 deep elf annihilators
  A white draconian (Depths:4)
  A wendigo (Zig:3)
  4 war gargoyles
  A purple draconian (Depths:4)
  A minotaur (Shoals:4)
  5 halazid warlocks (Desolation)
  Azrael (D:14)
  A bunyip (Zig:2)
  3 red draconians
  13 dire elephants
  5 blizzard demons
  5 spark wasps
  Snorg (D:13)
  Josephine (Orc:1)
  4 merfolk javelineers
  12 ettins
  4 deep elf high priests
  An entropy weaver (Vaults:5)
  12 yaktaur captains
  6 fire dragons
  3 shambling mangroves
  8 ragged hierophants
  3 jiangshi (Crypt:1)
  13 great orbs of eyes
  3 merfolk impalers (Shoals:4)
  8 servants of whispers (Desolation)
  26 vault guards
  4 salamander tyrants
  2 hell beasts (Hell)
  13 hydras
  5 rakshasas
  An ogre mage (Vaults:5)
  2 peacekeepers
  2 alligators (Zig:11)
  3 catoblepae
  22 ironbound frosthearts
  An alligator snapping turtle (Zig:12)
  7 merfolk avatars
  9 ice dragons
  2 merfolk aquamancers
  A ghost crab (Abyss:3)
  4 anacondas
  A sphinx skeleton (Vaults:3)
  5 death knights
  26 dancing weapons
  3 two-headed ogres
  4 spriggan air magi
  13 satyrs
  A centaur warrior (D:14)
  8 death yaks
  2 deep troll earth magi
  5 vampire magi
  Erica (D:8)
  A demonic crawler (Zig:4)
  19 naga warriors
  6 orc high priests
  Urug (Orc:1)
  A hell hog (Hell)
  6 boulder beetles
  A spriggan berserker (Depths:3)
  5 occultists
  6 shock serpents
  3 tengu warriors
  2 thrashing horrors (Abyss:2)
  19 naga sharpshooters
  Sonja (Orc:2)
  25 deep elf knights
  2 soul eaters (Hell)
  14 hell knights
  3 fire crabs
  A pharaoh ant (Zig:7)
  7 wretched stars
  A titan skeleton (Crypt:1)
  4 sun demons (Hell)
  A shadow wraith (Vaults:5)
  8 glowing orange brains
  3 iron trolls
  18 skeletal warriors
  6 skysharks
  2 sixfirhies
  24 deep elf archers
  2 goliath frogs (Zig:11)
  15 deep trolls
  9 mana vipers
  3 flayed ghosts
  A death drake (Abyss:2)
  6 salamander mystics
  2 deep trolls (shapeshifter)
  A glowing orange brain (shapeshifter) (Vaults:5)
  13 sea snakes
  A storm dragon skeleton (Crypt:1)
  2 naga ritualists
  3 swamp dragons
  An orb spider (shapeshifter) (Depths:3)
  9 arcanists
  12 orc knights
  8 phantasmal warriors
  21 harpies
  23 ironbound convokers
  15 lindwurms
  34 deep elf zephyrmancers
  A lindwurm (shapeshifter) (Vaults:5)
  An obsidian bat (Orc:2)
  8 necromancers
  A tengu zombie (Depths:3)
  6 starcursed masses
  33 deep elf pyromancers
  8 thermic dynamos
  27 fauns
  A fire giant zombie (Depths:3)
  47 ugly things
  4 orc sorcerers
  5 cyclopes
  A cyclops (shapeshifter) (Vaults:5)
  2 tengu skeletons (Vaults:3)
  A shadow dragon skeleton (Depths:3)
  5 shining eyes
  2 elephants (shapeshifter)
  A wolf spider (Zig:4)
  14 salamanders
  3 human skeletons (Vaults:3)
  17 elephants
  15 manticores
  3 large abominations
  Maurice (D:12)
  A worldbinder (Abyss:2)
  19 merfolk sirens
  30 black mambas
  6 rust devils (Hell)
  13 vault sentinels
  4 smoke demons
  3 molten gargoyles
  6 guardian serpents
  22 naga magi
  4 eyes of devastation
  6 water nymphs
  2 apocalypse crabs
  2 hellions (Hell)
  2 gargoyles
  15 cane toads
  A rime drake (Lair:4)
  2 sea snake zombies (Hell)
  2 efreet
  5 ice devils
  15 yaktaurs
  An unseen horror (D:12)
  2 kobold demonologists (D:13)
  10 komodo dragons
  4 ancient zymes
  A tengu conjurer (Depths:1)
  3 freezing wraiths
  A red devil (Hell)
  A spectral human (Depths:4)
  4 trolls
  16 merfolk
  3 hydra zombies
  A merfolk (shapeshifter) (Vaults:5)
  A tyrant leech (Zig:11)
  A hellwing (Abyss:3)
  3 polar bears
  14 hornets
  Prince Ribbit (Lair:1)
  A raiju (shapeshifter) (Elf:1)
  12 snapping turtles
  17 blink frogs
  5 wind drakes
  A guardian serpent zombie (Crypt:1)
  A tarantella (shapeshifter) (D:15)
  4 raiju (Abyss:2)
  A dream sheep (shapeshifter) (Zig:2)
  49 saltlings
  3 glass eyes
  A fire giant simulacrum (Depths:3)
  A centaur simulacrum (D:10)
  A glass eye (shapeshifter) (Vaults:5)
  19 dream sheep
  A fire dragon skeleton (Abyss:1)
  5 air elementals
  2 vampires
  A naga simulacrum (Crypt:1)
  An ettin skeleton (Vaults:3)
  153 slime creatures
  A shadow (D:13)
  20 spriggans
  12 water elementals
  37 yaks
  8 wraiths
  5 wyverns
  5 ynoxinuls
  16 humans (D:14)
  A steam dragon (D:7)
  2 fire bats (Shoals:2)
  2 golden eyes
  10 vampire mosquitoes
  3 wargs
  6 basilisks
  A neqoxec (Abyss:3)
  5 fire elementals
  A redback (Zig:4)
  3 chaos spawn
  An acid dragon (D:13)
  7 small abominations
  5 hell hounds
  28 nagas
  12 water moccasins
  A hydra simulacrum (Hell)
  18 orc warriors
  2 glowing shapeshifter skeletons (Vaults:3)
  An ice beast (D:8)
  12 laughing skulls
  5 ogres
  5 black bears
  2 sky beasts (D:7)
  19 wolves (Lair:5)
  3 boggarts (Lair:5)
  A tengu (shapeshifter) (D:15)
  7 centaurs
  A centaur (shapeshifter) (Vaults:5)
  A weeping skull (Abyss:1)
  2 kobold brigands
  A draconian zombie (Crypt:1)
  A rime drake skeleton (Crypt:1)
  11 bullfrogs
  3 scorpions
  3 brain worms
  7 earth elementals
  2 gnoll sergeants
  9 wights
  3 killer bees (D:11)
  5 electric eels
  4 howler monkeys (D:7)
  A shapeshifter skeleton (Crypt:1)
  A quasit (Abyss:1)
  40 orc priests
  3 bombardier beetles
  2 hounds (D:6)
  2 jellies
  2 iron imps
  5 iguanas
  A sleepcap (D:6)
  33 orc wizards
  5 hell rats (Hell)
  7 adders
  13 gnolls
  A shadow imp (D:6)
  A swamp drake skeleton (Crypt:1)
  2 white imps
  4 ufetubi
  A dart slug (D:2)
  A ribbon worm (D:5)
  65 orcs
  7 ball pythons
  6 bats
  4 endoplasms
  3 giant cockroaches
  4 goblins
  7 hobgoblins
  6 jackals
  A quokka (D:3)
  A bombardier beetle zombie (Crypt:1)
  3 frilled lizards (D:3)
  A hobgoblin skeleton (Crypt:1)
  14 kobolds
  11 rats
  An aspiring flesh (Zig:2)
  3 lurking horrors
  4 starspawn tentacles (Abyss:3)
2325 creatures vanquished.

Vanquished Creatures (collateral kills)
  A Brimstone Fiend (Zig:14)
  3 acid blobs
  A sphinx (shapeshifter) (Zig:14)
  A fire giant (shapeshifter) (Zig:14)
  An emperor scorpion (Zig:7)
  A rockslime (Zig:13)
  An eleionoma (Zig:9)
  2 very ugly things (Zig:14)
  A black draconian (Zig:5)
  A war gargoyle (Hell)
  A yellow draconian (Zig:5)
  2 merfolk javelineers (Zig:12)
  A great orb of eyes (Zig:10)
  14 vault guards (Vaults:5)
  A hydra (Zig:9)
  A merfolk avatar (Zig:12)
  2 alligators (Zig:11)
  3 hell hogs (Hell)
  A soul eater (Hell)
  A sun demon (Hell)
  A sea snake (shapeshifter) (Zig:14)
  An orb spider (Zig:7)
  A swamp dragon (Zig:11)
  2 obsidian statues (Zig:10)
  A steelbarb worm (Zig:7)
  An orange crystal statue (Zig:10)
  2 ugly things (Depths:2)
  A manticore (Zig:12)
  A moth of wrath (Zig:7)
  A merfolk siren (Zig:12)
  2 shining eyes
  A meliai (Zig:7)
  A molten gargoyle (Hell)
  An ice statue (Zig:10)
  An apocalypse crab (Zig:14)
  A rust devil (Hell)
  A smoke demon (Depths:3)
  An ice devil (Hell)
  2 sea snake zombies (Hell)
  An alligator simulacrum (Hell)
  A jumping spider (Zig:7)
  A tyrant leech (Zig:11)
  A hornet (Zig:9)
  A glass eye (Zig:8)
  A culicivora (Zig:7)
  7 slime creatures
  A golden eye (Zig:10)
  A yak (Zig:14)
  A hell hound (Hell)
  An aspiring flesh (Zig:14)
80 creatures vanquished.

Vanquished Creatures (others)
  A thorn hunter (Zig:9)
  A draconian scorcher (Zig:5)
  2 very ugly things
  A bunyip (Zig:11)
  A hydra (Zig:9)
  An alligator (Zig:14)
  A faun (shapeshifter) (Zig:14)
  A manticore (Zig:12)
  A smoke demon (Hell)
  A molten gargoyle (Hell)
  An ice devil (Hell)
  A merfolk (Zig:12)
  A saltling (Desolation)
  A slime creature (Zig:10)
  A spriggan simulacrum (Zig:3)
  A hell hound (Hell)
  6 starspawn tentacles (Abyss:3)
  12 tentacles (Shoals:3)
35 creatures vanquished.

Grand Total: 2440 creatures vanquished

Notes
Turn   | Place    | Note
-------+----------+-------------------------------------------
     0 | D:1      | shadizar the Djinni Air Elementalist began the quest for
                  | the Orb.
     0 | D:1      | shadizar set off with the following spells memorised:
                  | Shock, Static Discharge, Swiftness, Airstrike.
     0 | D:1      | Reached XP level 1. HP: 15/15 MP: 0/0
   465 | D:1      | Reached XP level 2. HP: 20/21 MP: 0/0
   937 | D:2      | Reached XP level 3. HP: 19/25 MP: 0/0
   937 | D:2      | Learned a level 1 spell: Necrotise
  1438 | D:2      | Found a basalt altar of Yredelemnul.
  1778 | D:3      | Reached XP level 4. HP: 30/31 MP: 0/0
  2412 | D:3      | Reached XP level 5. HP: 33/35 MP: 0/0
  2412 | D:3      | Learned a level 2 spell: Lesser Beckoning
  2828 | D:4      | Found a shimmering altar of Xom.
  3050 | D:4      | Reached skill level 5 in Spellcasting
  3050 | D:4      | Reached skill level 5 in Conjurations
  3050 | D:4      | Reached skill level 5 in Hexes
  3050 | D:4      | Reached skill level 5 in Summonings
  3050 | D:4      | Reached skill level 5 in Necromancy
  3050 | D:4      | Reached skill level 5 in Translocations
  3050 | D:4      | Reached skill level 5 in Fire Magic
  3050 | D:4      | Reached skill level 5 in Ice Magic
  3050 | D:4      | Reached skill level 5 in Air Magic
  3050 | D:4      | Reached skill level 5 in Earth Magic
  3050 | D:4      | Reached skill level 5 in Alchemy
  3464 | D:4      | Found a shadowy altar of Dithmenos.
  3685 | D:5      | Entered Level 5 of the Dungeon
  3693 | D:5      | Reached XP level 6. HP: 30/40 MP: 0/0
  3889 | D:5      | Reached XP level 7. HP: 41/45 MP: 0/0
  3889 | D:5      | Learned a level 3 spell: Maxwell's Portable Piledriver
  5000 | D:6      | Reached XP level 8. HP: 47/50 MP: 0/0
  5069 | D:6      | Found a broken altar of Ashenzari.
  5129 | D:5      | Reached skill level 1 in Fighting
  6114 | D:6      | Identified the +5 flail "Bunay" {freeze, Will+}
  6622 | D:7      | Reached XP level 9. HP: 37/59 MP: 0/0
  6622 | D:7      | Learned a level 4 spell: Anguish
  6722 | D:7      | Reached skill level 1 in Armour
  6919 | D:7      | Found a staircase to the Ecumenical Temple.
  6964 | Temple   | Entered the Ecumenical Temple
  6978 | Temple   | Became a worshipper of Makhleb the Destroyer
  7439 | D:8      | Noticed Erica
  7445 | D:8      | Killed Erica
  7531 | D:8      | Reached skill level 5 in Dodging
  7793 | D:8      | Found a white marble altar of Elyvilon.
  7795 | D:8      | Found a hide-covered altar of Uskayaw.
  7997 | D:8      | Found a stormy altar of Qazlal.
  8128 | D:8      | Found a sacrificial altar of Ru.
  8197 | D:8      | Found a snail-covered altar of Cheibriados.
  8247 | D:8      | Found a glowing silver altar of Zin.
  8489 | D:8      | Identified a scroll of acquirement
  8489 | D:8      | Acquired the +2 helmet of Yredelemnul, Charming {Rampage
                  | rN++ rCorr}
  8946 | D:9      | Reached XP level 10. HP: 59/67 MP: 0/0
  9289 | D:9      | Found a staircase to the Orcish Mines.
  9614 | D:9      | Noticed a deep elf zephyrmancer
  9622 | D:9      | Killed a deep elf zephyrmancer
  9622 | D:9      | Reached * piety under Makhleb
  9623 | D:9      | Reached skill level 5 in Fighting
 10154 | D:9      | Noticed a two-headed ogre
 10159 | D:9      | Killed a two-headed ogre
 10160 | D:9      | Reached skill level 5 in Stealth
 10370 | Orc:1    | Entered Level 1 of the Orcish Mines
 10547 | Orc:1    | Noticed Urug
 10727 | Orc:1    | Killed Urug
 10728 | Orc:1    | Reached XP level 11. HP: 65/76 MP: 0/0
 10728 | Orc:1    | Learned a level 4 spell: Petrify
 10937 | Orc:1    | Found a roughly hewn altar of Beogh.
 11169 | Orc:1    | Noticed Josephine
 11174 | Orc:1    | Reached skill level 10 in Spellcasting
 11174 | Orc:1    | Reached skill level 10 in Conjurations
 11174 | Orc:1    | Reached skill level 10 in Hexes
 11174 | Orc:1    | Reached skill level 10 in Summonings
 11174 | Orc:1    | Reached skill level 10 in Necromancy
 11174 | Orc:1    | Reached skill level 10 in Translocations
 11174 | Orc:1    | Reached skill level 10 in Fire Magic
 11174 | Orc:1    | Reached skill level 10 in Ice Magic
 11174 | Orc:1    | Reached skill level 10 in Air Magic
 11174 | Orc:1    | Reached skill level 10 in Earth Magic
 11174 | Orc:1    | Reached skill level 10 in Alchemy
 11178 | Orc:1    | Killed Josephine
 11497 | Orc:2    | Entered Level 2 of the Orcish Mines
 11497 | Orc:2    | Noticed an orc high priest
 11502 | Orc:1    | Reached ** piety under Makhleb
 11688 | Orc:2    | Noticed an orc sorcerer
 11693 | Orc:2    | Paralysed by an orc sorcerer for 3 turns
 11700 | Orc:1    | Killed an orc high priest
 11701 | Orc:1    | Killed an orc sorcerer
 11987 | Orc:2    | Noticed an obsidian bat
 12018 | Orc:2    | Killed an obsidian bat
 12094 | Orc:2    | Found a staircase to the Elven Halls.
 12198 | Orc:2    | Noticed Sonja
 12200 | Orc:2    | Killed Sonja
 12501 | Orc:2    | Noticed an orc high priest
 12505 | Orc:2    | Killed an orc high priest
 12508 | Orc:2    | Noticed an orc sorcerer
 12510 | Orc:2    | Killed an orc sorcerer
 12511 | Orc:2    | Reached XP level 12. HP: 53/85 MP: 0/0
 12766 | Orc:2    | Noticed an orc high priest
 12776 | Orc:2    | Killed an orc high priest
 12776 | Orc:2    | Reached *** piety under Makhleb
 13162 | Orc:2    | Noticed an orc high priest
 13172 | Orc:2    | Killed an orc high priest
 13260 | Orc:2    | Noticed an orc high priest
 13263 | Orc:2    | Killed an orc high priest
 13360 | Orc:2    | Found Mirausch's Distillery.
 13360 | Orc:2    | Found Sudaph's Jewellery Shoppe.
 13378 | Orc:2    | Found Ycwynau's Antique Armour Emporium.
 13379 | Orc:2    | Found Axibror's General Store.
 13387 | Orc:2    | Bought the amulet of the Air {Inacc Air Fly rElec RMsl} for
                  | 564 gold pieces
 13387 | Orc:2    | Found the amulet of the Air {Inacc Air Fly rElec RMsl}
 13398 | Orc:2    | Bought a pair of embroidered gloves for 187 gold pieces
 13850 | D:10     | Entered Level 10 of the Dungeon
 13877 | D:10     | Found a blossoming altar of Fedhas.
 13921 | D:10     | Found a staircase to the Lair.
 13959 | D:10     | Reached **** piety under Makhleb
 15097 | D:10     | Found a glowing golden altar of the Shining One.
 15199 | Lair:1   | Entered Level 1 of the Lair of Beasts
 15199 | Lair:1   | Noticed Prince Ribbit
 15205 | Lair:1   | Killed Prince Ribbit
 15478 | Lair:1   | Reached XP level 13. HP: 75/93 MP: 0/0
 15478 | Lair:1   | Learned a level 5 spell: Lee's Rapid Deconstruction
 16503 | Lair:2   | Noticed a five-headed hydra
 16508 | Lair:2   | Killed a five-headed hydra
 16513 | Lair:2   | Identified the ring of Incredulity {rF+ rC+ Will+++ Str-4
                  | Int-5}
 16531 | Lair:2   | Identified the +4 ring mail "Xeit" {Will+ Dex+3 Slay+2}
 16593 | Lair:2   | You are sucked into a shaft and drop 2 floors!
 16596 | Lair:4   | Reached ***** piety under Makhleb
 16614 | Lair:4   | Reached skill level 10 in Fighting
 16627 | Lair:4   | Noticed a four-headed hydra
 16710 | Lair:4   | Killed a four-headed hydra
 17132 | Lair:4   | Found a staircase to the Slime Pits.
 17132 | Lair:4   | Found a viscous altar of Jiyva.
 17310 | Lair:3   | Found a staircase to the Shoals.
 17449 | Lair:3   | HP: 2/96 [elephant (13)]
 17734 | Lair:3   | Reached XP level 14. HP: 65/103 MP: 0/0
 18305 | Lair:2   | Acquired a manual of Air Magic
 19171 | Lair:3   | Identified the orb "Faschen" {*channel, Regen+ Str+4}
 19206 | Lair:3   | Found a staircase to the Snake Pit.
 19381 | Lair:3   | Reached skill level 5 in Armour
 19418 | Lair:3   | Identified the +0 pair of boots "Mummigox" {rF++ rN+ Str-4
                  | Dex+2}
 19422 | Lair:3   | Identified the +5 whip "Sarcophage" {flame, Will+ Str+3}
 20272 | Lair:5   | Entered Level 5 of the Lair of Beasts
 20723 | Lair:5   | Reached skill level 15 in Air Magic
 20737 | Lair:4   | Reached XP level 15. HP: 30/111 MP: 0/0
 20737 | Lair:4   | Learned a level 6 spell: Permafrost Eruption
 21040 | Lair:5   | Reached ****** piety under Makhleb
 21199 | Lair:5   | Identified the +6 war axe "Yphif" {chaos, *Corrode rF+
                  | Str+3}
 21476 | Lair:5   | Found the +5 scythe "Finisher" {speed, execute}
 22539 | D:12     | Reached skill level 15 in Spellcasting
 22539 | D:12     | Reached skill level 15 in Conjurations
 22539 | D:12     | Reached skill level 15 in Hexes
 22539 | D:12     | Reached skill level 15 in Summonings
 22539 | D:12     | Reached skill level 15 in Necromancy
 22539 | D:12     | Reached skill level 15 in Translocations
 22539 | D:12     | Reached skill level 15 in Fire Magic
 22539 | D:12     | Reached skill level 15 in Ice Magic
 22539 | D:12     | Reached skill level 15 in Earth Magic
 22539 | D:12     | Reached skill level 15 in Alchemy
 22558 | D:12     | Reached skill level 1 in Shields
 22659 | D:12     | Noticed Maurice
 22667 | D:12     | Killed Maurice
 23566 | D:13     | Identified the +1 robe "Miudgh Resuer" {Regen+ rCorr Int+2}
 23582 | D:13     | Noticed Snorg
 23589 | D:13     | Killed Snorg
 23781 | D:13     | Found a runed translucent door.
 23781 | D:13     | Noticed dunno567's ghost (journeyman MDBe)
 24193 | D:13     | Killed dunno567's ghost
 24261 | D:13     | Acquired the +9 kite shield "Usiagri" {Str+3 Int-4}
 24283 | D:13     | Upgraded the game from 0.32-a0-921-g04a7ad8e02 to
                  | 0.32-a0-981-g384da2ce10
 24362 | D:14     | Reached XP level 16. HP: 89/120 MP: 0/0
 25051 | D:14     | Noticed Azrael
 25061 | D:14     | Killed Azrael
 25400 | D:14     | Reached skill level 5 in Shields
 25510 | D:14     | Found a gate to the Vaults.
 25605 | D:15     | Entered Level 15 of the Dungeon
 25954 | D:15     | Identified the +3 robe "Kuxenn" {+Inv rElec}
 26372 | D:15     | Found a staircase to the Depths.
 26657 | Shoals:1 | Entered Level 1 of the Shoals
 26657 | Shoals:1 | Noticed Donald
 26660 | Shoals:1 | Killed Donald
 27048 | Shoals:1 | Identified the +3 chain mail of Fun and Games {*Slow rF++
                  | rC+ Stlth+}
 27061 | Shoals:1 | Found Kudyli Ywyc's Specific Store.
 27063 | Shoals:1 | Found Ibaom's General Store.
 27978 | Shoals:2 | Reached XP level 17. HP: 109/125 MP: 0/0
 27978 | Shoals:2 | Learned a level 7 spell: Monstrous Menagerie
 28143 | Shoals:2 | Acquired the scarf "Zeiw" {rC+ rF+, Will++}
 28935 | Shoals:3 | Identified the serpent talisman "Aqewk" {rElec rF+ Str+5
                  | Dex-4 SInv}
 28935 | Shoals:3 | Noticed Aizul
 28941 | Shoals:3 | Killed Aizul
 28954 | Shoals:3 | Noticed a kraken
 28958 | Shoals:3 | Killed a kraken
 29236 | Shoals:3 | Reached skill level 10 in Dodging
 29404 | Shoals:3 | Noticed a kraken
 29410 | Shoals:3 | Killed a kraken
 29471 | Shoals:3 | Noticed Ilsuiw
 29484 | Shoals:3 | Killed Ilsuiw
 30124 | Shoals:3 | Noticed a kraken
 30130 | Shoals:3 | Killed a kraken
 30217 | Shoals:3 | Noticed a kraken
 30221 | Shoals:3 | Killed a kraken
 30376 | Shoals:4 | Entered Level 4 of the Shoals
 30741 | Shoals:4 | Reached XP level 18. HP: 81/133 MP: 0/0
 31402 | Shoals:4 | Noticed a sphinx
 31405 | Shoals:4 | Killed a sphinx
 31550 | Shoals:4 | Noticed a sphinx
 31554 | Shoals:4 | Noticed a sphinx
 31556 | Shoals:4 | Killed a sphinx
 31559 | Shoals:4 | Killed a sphinx
 31705 | Shoals:4 | Identified the staff of Gesionev {rPois rN++ Will- rCorr
                  | Earth}
 31792 | Shoals:4 | Noticed Polyphemus
 31797 | Shoals:4 | Killed Polyphemus
 32262 | Shoals:4 | Got a barnacled rune of Zot
 32514 | Snake:1  | Entered Level 1 of the Snake Pit
 33937 | Snake:1  | Reached skill level 10 in Armour
 34320 | Snake:2  | Reached XP level 19. HP: 133/140 MP: 0/0
 34320 | Snake:2  | Learned a level 7 spell: Spellforged Servitor
 34510 | Snake:2  | Found Ytuschiwn's Distillery.
 35213 | Snake:3  | Found Fauroyph's General Store.
 35213 | Snake:3  | Found Etoity's Assorted Antiques.
 35217 | Snake:3  | Found Nucryxtecw's Antique Weapon Shop.
 35511 | Snake:4  | Entered Level 4 of the Snake Pit
 35588 | Snake:4  | Reached skill level 10 in Shields
 36535 | Snake:4  | Noticed Vashnia
 36541 | Snake:4  | Killed Vashnia
 37136 | Snake:4  | Got a serpentine rune of Zot
 37868 | Slime:1  | Entered Level 1 of the Pits of Slime
 38040 | Lair:4   | Reached XP level 20. HP: 72/148 MP: 0/0
 38649 | Slime:1  | Reached skill level 15 in Fighting
 39387 | Elf:1    | Entered Level 1 of the Elven Halls
 39471 | Elf:1    | Found a crumbling gateway.
 39638 | Desolati | Entered the Desolation of Salt
 40405 | Desolati | Identified the amulet of the Past {Reflect -Tele Str+5
                  | SH+5}
 40488 | Desolati | Identified the +1 ring mail of Dramatic Exits {Rampage
                  | Will- Str+10 Dex+5}
 40575 | Desolati | Found the +0 mask of the Dragon {Will+ Slay+3 SInv}
 40651 | Desolati | Identified the +3 broad axe of Gozag, Conjuring {holy, rC+
                  | Will+ Dex+3}
 40651 | Desolati | Identified the ring of Discretion {rF+++ rCorr Str+6 Dex-4}
 40655 | Desolati | Reached XP level 21. HP: 144/156 MP: 0/0
 40655 | Desolati | Learned a level 7 spell: Orb of Destruction
 40687 | Desolati | Identified the +1 ring mail "Ygabyna" {Harm rF+ rC+++
                  | Will-}
 40813 | Desolati | Identified the ring "Boonkur" {rF+ Will- rCorr MP+9 Dex+3}
 40820 | Desolati | Identified the +12 shortbow of Lies {heavy, MP+9 Dex+5}
 40832 | Desolati | Identified the amulet "Noisav" {Faith Rampage rPois rF+
                  | Int-3}
 41869 | Elf:1    | Found a corrupted altar of Lugonu.
 41885 | Elf:1    | Found a roughly hewn altar of Beogh.
 41922 | Elf:1    | Identified the +6 halberd of Sloth {freeze, rElec Dex+2}
 42713 | Elf:2    | Found a runed translucent gate.
 42713 | Elf:2    | Found a runed translucent gate.
 42713 | Elf:2    | Found a runed translucent gate.
 43654 | Elf:3    | Entered Level 3 of the Elven Halls
 43672 | Elf:3    | Reached XP level 22. HP: 117/164 MP: 0/0
 43873 | Elf:3    | Noticed Louise
 43881 | Elf:3    | Killed Louise
 44304 | Elf:3    | Reached skill level 15 in Dodging
 44472 | Elf:3    | Identified the +7 long sword of the Sun {holy, *Noise
                  | Will+++ rCorr Int-4}
 44476 | Elf:3    | Identified the ring of Xuoma {Ice rCorr}
 44494 | Elf:3    | Found the +3 giant club "Skullcrusher" {speed, Str+7}
 44526 | Elf:3    | Identified the ring of Unicim {Int+6 Slay+2}
 44581 | Elf:3    | Identified the ring of Ru's Pride {Wiz rElec rN+ Stlth+}
 44612 | Elf:3    | Identified the +6 chain mail "Iboid" {Rampage rF- Regen+
                  | Dex-2 Stlth+}
 45406 | Slime:2  | Found a viscous altar of Jiyva.
 47068 | Slime:3  | Reached XP level 23. HP: 118/171 MP: 0/0
 47068 | Slime:3  | Learned a level 7 spell: Summon Hydra
 47309 | Slime:5  | Entered Level 5 of the Pits of Slime
 47328 | Slime:5  | Gained mutation: Your muscles are strong. (Str +4, Int/Dex
                  | -1) [a shining eye]
 47341 | Slime:5  | Gained mutation: You are frail. (-10% HP) [a shining eye]
 47342 | Slime:5  | Gained mutation: You are partially covered in iridescent
                  | scales. (AC +2) [a shining eye]
 47646 | Slime:5  | Noticed the Royal Jelly
 48109 | Slime:5  | Killed the Royal Jelly
 48305 | Slime:5  | Identified the staff of Invincibility {rElec rCorr MP+9
                  | Str+3 Air Earth}
 48352 | Slime:5  | Identified the +10 short sword "Xymas" {venom, rElec rC+
                  | Str+4}
 48362 | Slime:5  | Identified the +9 shortbow "Ogreslayer" {drain, rF+}
 48367 | Slime:5  | Got a slimy rune of Zot
 48368 | Slime:5  | Identified the +2 ring mail "Gowuj" {+Inv rF+ Str-4 Int+3}
 48374 | Slime:5  | Identified the ring of Velann {rElec rPois MP-9 Int+5
                  | Slay+4}
 48380 | Slime:5  | Identified the +2 robe of Xorihami {-Tele Fly rN+}
 48410 | Slime:5  | Identified the +4 chain mail of Understanding {Fly rElec
                  | Slay+4}
 48422 | Slime:5  | Identified the +9 hand axe "Ekhyan" {heavy, rC+ rCorr}
 49029 | Depths:1 | Entered Level 1 of the Depths
 49029 | Depths:1 | Found the +8 whip "Snakebite" {venom, curare, rPois}
 49029 | Depths:1 | Found a runed translucent door.
 49033 | Depths:1 | Noticed Atuad's ghost (adept FoHu)
 49455 | Depths:1 | Identified the serpent talisman of the Lair of Beasts {rC-
                  | MP+9 Stlth+}
 49486 | Depths:1 | Found a gateway to Hell.
 49575 | Depths:1 | Found a one-way gate to the infinite horrors of the Abyss.
 49668 | Depths:1 | Reached XP level 24. HP: 85/161 MP: 0/0
 50266 | Depths:1 | Found a one-way gate leading to the halls of Pandemonium.
 50487 | Vaults:1 | Entered Level 1 of the Vaults
 51052 | Vaults:1 | Identified the staff of Plog {Conj Summ Ice Earth}
 51331 | Vaults:1 | Found Sorats's Book Shop.
 51434 | Vaults:1 | Found a large runed translucent door.
 51434 | Vaults:1 | Noticed Armakuni's ghost (adept HuAr)
 51435 | Vaults:1 | Found a large runed translucent door.
 51435 | Vaults:1 | Noticed Konar's ghost (adept CoHu)
 52137 | Vaults:2 | Found Nyutwoucse's Armour Shop.
 52430 | Vaults:2 | Reached skill level 15 in Armour
 52859 | Vaults:2 | Identified the +2 robe of Eternal Night {+Blink}
 53190 | Vaults:3 | Noticed Sojobo
 53198 | Vaults:3 | Killed Sojobo
 53211 | Vaults:3 | Found a flickering gateway to a bazaar.
 53249 | Bazaar   | Entered a bazaar
 53368 | Bazaar   | Found Tyell's Book Emporium.
 53383 | Bazaar   | Found Juugoc's General Store.
 53398 | Bazaar   | Found Carphu's Assorted Antiques.
 53512 | Vaults:3 | Reached XP level 25. HP: 146/168 MP: 0/0
 53512 | Vaults:3 | Learned a level 8 spell: Discord
 53732 | Vaults:3 | Identified the +6 glaive "Kiequs" {distort, rC+ rN++ Int-2
                  | Stlth+}
 54078 | Vaults:3 | Reached skill level 15 in Shields
 54177 | Vaults:3 | Reached skill level 27 in Air Magic
 54458 | Vaults:3 | Identified the staff "Liedgh" {rElec Int+4 Fire Air
                  | Alchemy}
 55047 | Vaults:3 | Found a staircase to the Crypt.
 55811 | Vaults:4 | Identified the +3 shortbow of Fatomp {heavy, Fly rElec rF+
                  | Dex+3}
 56293 | Vaults:5 | Entered Level 5 of the Vaults
 56321 | Vaults:5 | Noticed a dread lich
 56328 | Vaults:5 | Killed a dread lich
 56376 | Vaults:5 | Reached XP level 26. HP: 146/175 MP: 0/0
 56737 | Vaults:5 | Identified the +4 rapier of the Wilderness {venom, rElec
                  | Int+2 Stlth+}
 56766 | Vaults:5 | Identified the +1 great sword "Orb Guardian's Regret"
                  | {speed, Dex+3}
 57167 | Vaults:5 | Identified the +7 short sword of the Slime-mould
                  | {antimagic, rC+ rCorr Int+4}
 57508 | Vaults:5 | Noticed an ancient lich
 57513 | Vaults:5 | Killed an ancient lich
 57702 | Vaults:5 | Got a silver rune of Zot
 57709 | Vaults:5 | Identified the ring of the Demon Prince {rElec EV+5 Int+2
                  | Dex+3 SInv}
 58015 | Vaults:5 | Noticed a dread lich
 58020 | Vaults:5 | Killed a dread lich
 58260 | Vaults:5 | Identified the ring of the Blue God {Fly MP+9 SInv}
 58409 | Vaults:5 | Identified the +0 pair of gloves "Peoguy" {Slay+2}
 58417 | Vaults:5 | Identified the staff of Muryggim {rPois Dex+5 Stlth+
                  | Alchemy}
 58973 | Depths:2 | Found a shadowy altar of Dithmenos.
 60163 | Depths:3 | Found a portal to a secret trove of treasure.
 60331 | Depths:3 | Reached XP level 27. HP: 159/182 MP: 0/0
 60331 | Depths:3 | Learned a level 9 spell: Death's Door
 61997 | Depths:2 | Reached skill level 10 in Stealth
 62199 | Depths:3 | You paid a toll of a +5 demon trident to enter a treasure
                  | trove
 62200 | Trove    | Entered a treasure trove
 62219 | Trove    | Identified the ring of the Messenger {rElec rC- Int+6 SInv
                  | Stlth+}
 62221 | Trove    | Identified the amulet of Bapufehe {Acrobat -Cast rF++ Dex+3
                  | SInv}
 62230 | Trove    | Identified the ring of Farhuz {+Blink MP-9 Str-4 Int+6
                  | Dex+8}
 62239 | Trove    | Identified the ring "Urukkesu" {+Blink MP+9 SInv Stlth+}
 62241 | Trove    | Identified the ring of Aschohac {rElec rC- rN+ Will- MP+9}
 62391 | Hell     | Entered the Vestibule of Hell
 62393 | Hell     | Noticed Geryon
 62394 | Hell     | Gained mutation: Your spells are a little easier to cast,
                  | but a little less powerful. [a cacodemon]
 62408 | Hell     | Killed Geryon
 62972 | Hell     | Found a gateway to the freezing wastes of Cocytus.
 63067 | Hell     | Found a gateway to the decaying netherworld of Tartarus.
 63152 | Hell     | Found a gateway to the ashen valley of Gehenna.
 63364 | Hell     | Found a gateway to the Iron City of Dis.
 63480 | Depths:1 | Voluntarily entered the Abyss.
 63480 | Abyss:1  | Found a corrupted altar of Lugonu.
 63480 | Abyss:1  | Found a corrupted altar of Lugonu.
 63485 | Abyss:1  | Found a corrupted altar of Lugonu.
 63546 | Abyss:1  | Found a corrupted altar of Lugonu.
 64066 | Abyss:3  | Noticed an ancient lich
 64072 | Abyss:3  | Killed an ancient lich
 64273 | Abyss:3  | Gained mutation: You occasionally shout uncontrollably at
                  | your foes. [a neqoxec]
 64285 | Abyss:3  | Got an abyssal rune of Zot
 64309 | Depths:1 | Escaped the Abyss
 64765 | Crypt:1  | Entered Level 1 of the Crypt
 65081 | Vaults:3 | HP: 8/183 [vampire knight/+0 battleaxe (22)]
 65095 | Vaults:3 | HP: 8/183 [??? (2)]
 66599 | Depths:4 | Entered Level 4 of the Depths
 66722 | Depths:4 | Found a one-way gateway to a ziggurat.
 67200 | Depths:4 | Noticed a juggernaut
 67211 | Depths:4 | Killed a juggernaut
 67410 | Depths:4 | Found a hazy altar of Hepliaklqana.
 67931 | Depths:4 | Found a gate to the Realm of Zot.
 67987 | Zig:1    | Entered Level 1 of a ziggurat
 67994 | Zig:1    | Identified the +6 falchion of Seyfo {venom, rPois Str+2}
 68115 | Zig:2    | Entered Level 2 of a ziggurat
 68167 | Zig:3    | Entered Level 3 of a ziggurat
 68168 | Zig:3    | Paralysed by a wendigo for 1 turns
 68247 | Zig:3    | Identified the +0 leather armour of the Shrieking God
                  | {Slay+5}
 68257 | Zig:4    | Entered Level 4 of a ziggurat
 68368 | Zig:5    | Entered Level 5 of a ziggurat
 68390 | Zig:5    | Identified the +4 falchion of Zedy {holy, Will+ Int+3 Dex+2
                  | SInv}
 68391 | Zig:5    | Identified the +2 flail "Jacuosit" {drain, *Rage Fly MP+9
                  | Int+3}
 68408 | Zig:6    | Entered Level 6 of a ziggurat
 68435 | Zig:6    | Identified the +0 robe of the Hot Ocelot {Archmagi}
 68456 | Zig:7    | Entered Level 7 of a ziggurat
 68461 | Zig:7    | Found the +5 Lochaber axe {reach-cleave, Poleaxe ^Drain}
 68461 | Zig:7    | Found the +8 Vampire's Tooth {megavamp}
 68552 | Zig:7    | Identified the ring "Xamit" {rN+ rCorr Int+6 Dex+2 Stlth-}
 68589 | Zig:7    | Acquired the +1 pair of gloves of Action {Int+4}
 68610 | Zig:8    | Entered Level 8 of a ziggurat
 68627 | Zig:8    | Identified the staff of Sif Muna's Scorn {^Contam Int+4
                  | Conj}
 68630 | Zig:8    | Identified the ring of Xom's Castigation {rN+ rCorr}
 68644 | Zig:9    | Entered Level 9 of a ziggurat
 68652 | Zig:9    | Reached skill level 27 in Spellcasting
 68684 | Zig:9    | Identified the +5 demon trident of Ceniloq {elec, *Noise
                  | Str+3 Int+8}
 68719 | Zig:10   | Entered Level 10 of a ziggurat
 68733 | Zig:10   | HP: 8/186 [rockslime (46)]
 69083 | Zig:10   | Identified the +1 robe of the Goldsmith {+Blink rC+ Int-4
                  | Archmagi}
 69115 | Zig:11   | Entered Level 11 of a ziggurat
 69149 | Zig:11   | Identified the +2 mace "Paf Myd" {heavy, rF+ rCorr}
 69150 | Zig:11   | Identified the staff of Laceration {rElec rF+ Air}
 69165 | Zig:11   | Identified the staff "Goblin's Curse" {rF+ rC- rCorr Fire
                  | Air}
 69166 | Zig:11   | Identified the +0 plate armour "Resoesy" {^Drain Str+6
                  | Int+3 SInv}
 69170 | Zig:12   | Entered Level 12 of a ziggurat
 69242 | Zig:13   | Entered Level 13 of a ziggurat
 69317 | Zig:14   | Entered Level 14 of a ziggurat
 69334 | Zig:14   | Noticed a Killer Klown
 69334 | Zig:14   | Noticed a Killer Klown
 69334 | Zig:14   | Noticed a Killer Klown
 69335 | Zig:14   | Noticed Tubrasm the pandemonium lord
 69337 | Zig:14   | Noticed Bacvujidd the pandemonium lord
 69352 | Zig:14   | Killed Bacvujidd the pandemonium lord
 69358 | Zig:14   | Killed a Killer Klown
 69359 | Zig:14   | Killed a Killer Klown
 69362 | Zig:14   | Killed a Killer Klown
 69370 | Zig:14   | Slain by Tubrasm the pandemonium lord

Illustrated notes

Levels and vault maps discovered:
D:1:      wander_arrival_fairy_ring, layout_loops_ring, serial_forest,
          infiniplex_forest_side_room, infiniplex_forest_clump_diagonal,
          infiniplex_forest_straight_2, infiniplex_forest_straight_2,
          infiniplex_forest_clump_large, infiniplex_forest_straight_3,
          infiniplex_forest_end_3
D:2:      layout_loops_ring, basic_altar, chequers_garden
D:3:      minmay_inner_zag, layout_basic
D:4:      layout_loops_ring, xom_teletrap_fun, lemuel_coloured_pillars_altar,
          grunt_ministairs_4
D:5:      layout_loops_ring, amethyst_killhole, grunt_ministairs_13,
          chequers_serial_rivers_large_a
D:6:      layout_basic, mainiacjoe_overflow_small_starburst
D:7:      layout_gridville, minmay_temple_entry_statues,
          minmay_fractal_squares_gapless_5
D:8:      layout_gridville, zin_scriptorium, nicolae_overflow_crystal_walls,
          nicolae_ru_path_of_blood, gammafunk_temple_overflow_forgotten,
          serial_glass, glass_columns_a, glass_columns_b, due_unseen_surprise,
          minmay_misc_feat_tower, uniq_erica
D:9:      layout_long_grid, mainiacjoe_overflow_brackets,
          kennysheep_just_a_vault
D:10:     minmay_cornered_nines, layout_basic, nicolae_tso_swordbearing_angel,
          mainiacjoe_overflow_paths, fedhas_bush_and_centaur_altar,
          lair_entry_dummy
D:11:     layout_grid_maze
D:12:     layout_rooms, uniq_maurice
D:13:     layout_stronghold, gammafunk_ghost_grave, tgw_sif, uniq_snorg
D:14:     layout_cave_pools, grunt_vaults_entry_tiered,
          chequers_serial_rivers_small_3, uniq_azrael
D:15:     grunt_enter_depths_hoard, layout_loops_ring
Temple:   nicolae_temple_figure_zero
Lair:1:   layout_hall_layers, grunt_megastairs_3, uniq_prince_ribbit2
Lair:2:   layout_chaotic_city, gauntlet_entry_generic, grunt_megastairs_5,
          infiniplex_staircase_pool, serial_bayou_shore_b
Lair:3:   layout_roguey, elwin_shoals_entry_rooms,
          minmay_snake_entry_six_corridors, minmay_lindwurm_lava
Lair:4:   layout_regular_city, slime_entry_1
Lair:5:   minmay_lair_end_enchanted_forest, layout_hall_layers
Shoals:1: layout_shoals, nicolae_specific_store, uniq_donald
Shoals:2: layout_shoals, hangedman_shoal_volcano
Shoals:3: layout_shoals, uniq_ilsuiw, uniq_aizul
Shoals:4: shoals_end_hellmonk_lost_city, uniq_polyphemus
Snake:1:  kennysheep_snake, layout_layer_cave, drop_trap, serial_bayou_lake_a
Snake:2:  layout_rooms, serial_shops, nicolae_shop_tiny_glass
Snake:3:  layout_grid_shapes, nicolae_snake_snakes_in_the_grass,
          minmay_shop_star, serial_bayou_shore_b
Snake:4:  snake_pit, layout_concentric_octagons, uniq_vashnia
Slime:1:  layout_caves, special_room [special_room_jelly]
Slime:2:  layout_caves, basic_altar
Slime:3:  layout_caves
Slime:4:  layout_caves
Slime:5:  slime_pit_nicolae_royal_road_to_ruin
Orc:1:    layout_diamond_mine, basic_altar, uniq_urug, uniq_josephine
Orc:2:    st_orc_mages, layout_diamond_mine, uniq_sonja
Elf:1:    minmay_the_grid_triangle_9x9_recursive_2
          [minmay_the_grid_triangle_9x9_prize_center,
          minmay_the_grid_triangle_9x9_negative_grid,
          minmay_the_grid_triangle_9x9_zippers_horizontal,
          minmay_the_grid_triangle_9x9_longest], layout_loops_corners,
          portal_desolation_entry_nicolae_nacl, nicolae_elf_theology_debate,
          drop_trap
Elf:2:    elven_hall_of_blades_hangedman_original
          [nicolae_blade_entry_pointy_end], layout_rooms
Elf:3:    elf_hall, layout_geoelf_grid, st_stairs_10, billiards_dpeg,
          uniq_louise
Vaults:1: advil_vaults_ghost_guards, vaults_room_grunt_arrival_checkpoint,
          hangedman_vaults_cutoff, nicolae_vaults_closet_pinwheel_6,
          nicolae_vaults_storage_closets_2, v_misc_8, nicolae_vaults_house_2,
          ontoclasm_vaults_tryst, nicolae_vaults_stepped_doors,
          nicolae_vaults_trapezoid_lopsided_3, nicolae_vaults_sightless_eye,
          ontoclasm_vaults_shuriken, layout_vaults_omnigrid, serial_shops,
          nicolae_shop_just_a_little_nook
Vaults:2: nicolae_vaults_double_plus_2, nicolae_vaults_taking_the_gang_shopping,
          nicolae_vaults_trapezoid_lopsided_2, v_rooms_3,
          nicolae_vaults_bisected_slash, vaults_dpeg_encased_lava,
          nicolae_vaults_tetromino_L_2, nicolae_vaults_six-pack,
          nicolae_vaults_little_squares_5, nicolae_vaults_yaktaur_gun_rack,
          layout_vaults_big_room
Vaults:3: hangedman_vaults_stream, minmay_crypt_entry_skeletal_spiral,
          vaults_room_semicircle, nicolae_vaults_frosty_reception,
          hangedman_vaults_locks, nicolae_vaults_mush_room,
          nicolae_vaults_wine_cellar, nicolae_vaults_twisting_passages,
          nicolae_vaults_trapezoid_lopsided_1, nicolae_vaults_network_square,
          grunt_vaults_bifocal, v_misc_24, nicolae_vaults_trapezoid_4,
          v_misc_15, layout_vaults_maze, serial_shops, bzr_entry_lakeside,
          uniq_sojobo
Vaults:4: ontoclasm_vaults_idyll, v_pattern_2, hangedman_vaults_hat,
          vaults_room_door_hall, nicolae_vaults_alarming,
          nicolae_vaults_closet_pinwheel_5, nicolae_vaults_house_3,
          nicolae_vaults_tangram_1, v_misc_28, v_misc_22,
          nicolae_vaults_display_case, nicolae_vaults_diagonal_hallway_7,
          layout_vaults_omnicross
Vaults:5
Crypt:1:  layout_rooms, minivault_25, hex_medium
Depths:1: layout_big_octagon, rand_demon_pan_entry_9, abyss_entry,
          hangedman_coc_ice_floe, ebering_ghost_reflecting_pool,
          serial_sigils_hangedman_writhe, grunt_potential
Depths:2: cheibrodos_quadrivalence, layout_cave_shapes,
          grunt_hell_entry_dis_grunt, grunt_pan_entry_in_and_out,
          nicolae_dithmenos_through_a_glass_darkly, infiniplex_staircase_9_rooms
Depths:3: minmay_containers, layout_basic, hell_entry,
          nicolae_abyss_entry_one_way_or_another, trove_entry_hex_spiral,
          minmay_misc_feat_secret_circle, infiniplex_staircase_pool_2,
          firewood_loft
Depths:4: grunt_zot_entry_gee_three, layout_cave_shapes, enter_ziggurat_e,
          minivault_11, pf_hell_entry_tar_spiral,
          nicolae_hepliaklqana_monster_ancestors
Hell
Zig:14

Skill      XL: |  1  2  3  4  5  6  7  8  9 10 11 12 13 14 15 16 17 18 19 20 21 22 23 24 25 26 27 |
---------------+----------------------------------------------------------------------------------+-----
Spellcasting   | 4 5 6 7 8 9 10 11 13 14 15 16 17 18 19 20 21 23 24 25 27 | 27.0
Conjurations   | 4 5 6 7 8 9 10 11 13 14 15 16 17 18 19 20 21 22 24 | 24.4
Hexes          | 4 5 6 7 8 9 10 11 13 14 15 16 17 18 19 20 21 22 24 | 24.4
Summonings     | 4 5 6 7 8 9 10 11 13 14 15 16 17 18 19 20 21 22 24 | 24.4
Necromancy     | 4 5 6 7 8 9 10 11 13 14 15 16 17 18 19 20 21 22 24 | 24.4
Translocations | 4 5 6 7 8 9 10 11 13 14 15 16 17 18 19 20 21 22 24 | 24.4
Fire Magic     | 4 5 6 7 8 9 10 11 13 14 15 16 17 18 19 20 21 22 24 | 24.4
Ice Magic      | 4 5 6 7 8 9 10 11 13 14 15 16 17 18 19 20 21 22 24 | 24.4
Air Magic      | 4 5 6 7 8 9 10 11 13 15 17 19 20 21 22 23 24 25 26 27 | 27.0
Earth Magic    | 4 5 6 7 8 9 10 11 13 14 15 16 17 18 19 20 21 22 24 | 24.4
Alchemy        | 4 5 6 7 8 9 10 11 13 14 15 16 17 18 19 20 21 22 24 | 24.4
Fighting       | 2 4 5 7 8 10 11 12 13 14 15 16 17 18 19 20 | 20.8
Stealth        | 2 4 5 6 7 8 9 10 | 10.3
Dodging        | 3 5 6 8 9 10 11 12 13 14 15 16 17 18 20 | 20.5
Armour         | 3 4 6 7 9 10 11 12 13 14 15 16 18 | 18.6
Shields        | 3 7 8 9 10 11 12 13 14 15 16 18 | 18.4

Action                     |  1- 3 |  4- 6 |  7- 9 | 10-12 | 13-15 | 16-18 | 19-21 | 22-24 | 25-27 || total
---------------------------+-------+-------+-------+-------+-------+-------+-------+-------+-------++-------
  Melee: Unarmed           |       |       |     1 |       |       |       |       |       |       ||     1
         Staff             |       |       |       |       |     3 |       |     2 |       |     2 ||     7
   Cast: Shock             |    62 |   102 |   147 |     2 |     5 |       |       |       |       ||   318
         Airstrike         |       |       |    58 |   296 |   545 |   284 |   238 |   228 |   322 ||  1971
         Static Discharge  |       |       |       |    40 |     3 |       |     3 |       |       ||    46
         Anguish           |       |       |       |     2 |       |       |       |       |       ||     2
         Petrify           |       |       |       |     1 |     1 |       |       |       |       ||     2
         Lee's Rapid Decon |       |       |       |       |     5 |     2 |     2 |     1 |     3 ||    13
         Swiftness         |       |       |       |       |     1 |       |       |     1 |       ||     2
         Permafrost Erupti |       |       |       |       |    78 |   334 |   436 |   461 |   800 ||  2109
         Monstrous Menager |       |       |       |       |       |       |       |     1 |       ||     1
         Discord           |       |       |       |       |       |       |       |       |    24 ||    24
         Summon Hydra      |       |       |       |       |       |       |       |       |     1 ||     1
    Use: Scroll            |       |       |    18 |     2 |    10 |     5 |     4 |    10 |     7 ||    56
         Potion            |       |       |       |       |     2 |       |     2 |     2 |    24 ||    30
 Armour: Robe              |     1 |    14 |    37 |       |       |       |       |       |       ||    52
         Ring mail         |       |       |     7 |       |   144 |    45 |   133 |   153 |   146 ||   628
         Steam dragon scal |       |       |       |   107 |    11 |       |       |       |       ||   118
  Dodge: Dodged            |     2 |    17 |    34 |    93 |   194 |    27 |   144 |    95 |   172 ||   778
         Repelled          |       |       |       |    10 |     7 |    16 |    34 |    12 |    34 ||   113
  Block: Kite shield       |       |       |       |       |     1 |    87 |   314 |   146 |       ||   548
         Tower shield      |       |       |       |       |       |       |       |   222 |   551 ||   773

Table legend: (Time is in decaauts)
 A = Elapsed time spent in this place.
 B = Non-inter-level travel time spent in this place.
 C = Inter-level travel time spent in this place.
 D = Time resting spent in this place.
 E = Time spent auto-exploring this place.
 F = Levels seen in this place.
 G = Mean time per level.
                   A        B        C        D        E       F      G
               +--------+--------+--------+--------+--------+-----+--------+
         Total |  69405 |  64647 |   4758 |    100 |  53127 |  70 |  991.5 |
       Dungeon |  18268 |  16467 |   1801 |      0 |  14297 |  15 | 1217.9 |
        Temple |     29 |     16 |     13 |      0 |      0 |   1 |   29.0 |
          Lair |   8056 |   7018 |   1038 |      0 |   5668 |   5 | 1611.2 |
        Shoals |   5811 |   5653 |    158 |    100 |   4815 |   4 | 1452.8 |
     Snake Pit |   5448 |   5003 |    445 |      0 |   4369 |   4 | 1362.0 |
    Slime Pits |   4171 |   4074 |     97 |      0 |   3246 |   5 |  834.2 |
  Orcish Mines |   3106 |   2930 |    176 |      0 |   2057 |   2 | 1553.0 |
   Elven Halls |   4379 |   4267 |    112 |      0 |   3327 |   3 | 1459.7 |
        Vaults |   8819 |   8360 |    459 |      0 |   6932 |   5 | 1763.8 |
         Crypt |    998 |    995 |      3 |      0 |    855 |   1 |  998.0 |
        Depths |   5994 |   5560 |    434 |      0 |   4758 |   4 | 1498.5 |
          Hell |    558 |    541 |     17 |      0 |    443 |   1 |  558.0 |
         Abyss |    828 |    828 |      0 |      0 |    458 |   3 |  276.0 |
      Ziggurat |   1378 |   1378 |      0 |      0 |    742 |  14 |   98.4 |
        Bazaar |    207 |    207 |      0 |      0 |    165 |   1 |  207.0 |
         Trove |     90 |     90 |      0 |      0 |      2 |   1 |   90.0 |
    Desolation |   1256 |   1256 |      0 |      0 |    993 |   1 | 1256.0 |
               +--------+--------+--------+--------+--------+-----+--------+

Top non-repeatable levels by time:
Vaults:3: 2738 daAuts
Vaults:5: 2293 daAuts
Depths:3: 2140 daAuts
 Snake:1: 2091 daAuts
     D:9: 2038 daAuts
  Lair:3: 1911 daAuts
   Orc:2: 1876 daAuts
     D:6: 1815 daAuts
   Elf:1: 1815 daAuts
Shoals:3: 1774 daAuts
  Lair:4: 1774 daAuts
Shoals:4: 1746 daAuts
  Lair:1: 1666 daAuts
Vaults:1: 1584 daAuts
    D:14: 1535 daAuts
